 Dungeon Crawl Stone Soup version 0.31.0-9-g3a7656b989 (webtiles) character file.

Game seed: 2049973354272085482

1115 MacCMillion the Carver (level 8, 0/56 HPs)
             Began as a Merfolk Gladiator on Jan 31, 2024.
             Was a Priest of Okawaru.
             Engulfed by a steam dragon's steam (7 damage)
             ... on level 5 of the Dungeon.
             The game lasted 00:10:59 (5211 turns).

MacCMillion the Carver (Merfolk Gladiator)          Turns: 5211, Time: 00:10:59

Health: 0/56       AC:  7    Str: 14    XL:     8   Next: 34%
Magic:  8/8        EV: 20    Int:  7    God:    Okawaru [***...]
Gold:   225        SH:  0    Dex: 18    Spells: 7/7 levels left

rFire   . . .        a - +0 long sword
rCold   . . .        (no shield)
rNeg    . . .        o - +0 ring mail
rPois   .            c - +0 helmet
rElec   .            g - +0 cloak
rCorr   +            (no gloves)
SInv    .            (no boots)
Will    .....        (no amulet)
Stlth   ++           n - ring of resist corrosion
HPRegen 0.29/turn    B - +5 ring of evasion
MPRegen 0.11/turn

%: no passive effects
@: no status effects
A: (nimble swimmer 2), mertail
a: Renounce Religion, Heroism


You were on level 5 of the Dungeon.
You worshipped Okawaru.
Okawaru was most pleased with you.
You visited 1 branch of the dungeon, and saw 5 of its levels.

You collected 225 gold pieces.

Inventory:

Hand Weapons
 a - a +0 long sword (weapon)
Missiles
 e - a javelin
 y - 3 boomerangs (quivered)
 C - 6 curare-tipped darts
Armour
 c - a +0 helmet (worn)
 g - a +0 cloak (worn)
 o - a +0 ring mail (worn)
Jewellery
 n - a ring of resist corrosion (left hand)
 s - a ring of fire
 B - a +5 ring of evasion (right hand)
Scrolls
 b - a scroll of immolation {unknown}
 k - 2 scrolls of enchant weapon {unknown}
 p - a scroll of butterflies {unknown}
 q - 3 scrolls of revelation
 r - a scroll of identify
 t - a scroll of noise {unknown}
 u - a scroll of fog {unknown}
 x - 2 scrolls of silence {unknown}
 z - a scroll of poison {unknown}
Potions
 f - a potion of heal wounds
 h - a potion of magic {unknown}
 i - 7 potions of curing
 j - 4 potions of degeneration
 l - a potion of lignification {unknown}
 m - a potion of invisibility {unknown}
 v - a potion of resistance {unknown}
 w - a potion of brilliance {unknown}
 A - a potion of attraction {unknown}


   Skills:
 - Level 2.2 Fighting
 - Level 10.0 Long Blades
 - Level 2.0 Throwing
 - Level 8.0 Dodging
 - Level 2.0 Stealth
 + Level 0.0 Invocations


You had 7 spell levels left.
You didn't know any spells.
Your spell library contained the following spells:

 Spells                   Type           Power      Damage    Failure   Level
 Cigotuvi's Dreadful Rot  Necr/Alch/Air  0%         N/A       82%         2
 Ozocubu's Armour         Ice            0%         N/A       96%         3
 Ignite Poison            Fire/Alch      0%         N/A       100%        4
 Freezing Cloud           Conj/Ice/Air   0%         6-21      100%        5
 Metabolic Englaciation   Hex/Ice        0%         N/A       100%        5
 Sculpt Simulacrum        Ice/Alch       Unusable   N/A       N/A         6

Dungeon Overview and Level Annotations

Branches:
Dungeon (5/15)
 Temple: D:4-7

Altars:
Dithmenos
Okawaru
Ru
Wu Jian

Shops:
D:1 *([


Innate Abilities, Weirdness & Mutations

((You are very nimble when in or above water. (Stealth+, EV+, Speed+++)))
Your lower body shifts to a powerful aquatic tail in water.


Message History

The ufetubus completely misses you. The ufetubus hits you.
You hit the ufetubus.
The ufetubus is severely wounded.
The ufetubus barely misses you. The ufetubus misses you.
You hit the ufetubus.
You kill the ufetubus!
Okawaru accepts your kill.
You see here an adder corpse.
Unknown command.
HP restored.
A steam dragon comes into view.
The steam dragon hisses angrily.
You start waiting.
A steam dragon is nearby!
The steam dragon breathes steam at you. The ball of steam hits you!!
You barely miss the steam dragon.
You are engulfed in a cloud of scalding steam.
The steam dragon bites you! The steam dragon misses you.
The steam dragon misses you. x2
You completely miss the steam dragon. The steam dragon bites you.
The steam dragon closely misses you.
You hit the steam dragon.
The steam dragon is lightly wounded.
The steam dragon breathes steam at you. The ball of steam hits you!
* * * LOW HITPOINT WARNING * * *
The steam dragon attacks as it pursues you!
The steam dragon barely misses you. The steam dragon closely misses you.
Throw: throwing net
Press: ? - help, Shift-Dir - straight line, f - steam dragon
Aim: a steam dragon (lightly wounded, 60% to hit)
You throw a throwing net. The throwing net hits the steam dragon.
The steam dragon is caught in the net!
The steam dragon is lightly wounded.
The steam dragon struggles against the net.
You hit the steam dragon.
The steam dragon is moderately wounded.
You are engulfed in a cloud of scalding steam.
You die...

### #.. #.# #.# #.#
#.#
###.#############
###
#>..D....†.......
..
#.§§@.###########
#. #.#§#.#
###########.
#.#§#.#
#.........#. #
#.#.####..........)
#.#....#.........##
#.####...........##
#...............†.#
#########....######
.......... .


You could see a steam dragon (caught).

Vanquished Creatures
  A two-headed ogre (D:5)
  An ogre (D:4)
  3 scorpions
  A jelly (D:4)
  2 iguanas (D:4)
  7 adders
  3 gnolls (D:4)
  A white imp (D:5)
  2 ufetubi (D:5)
  A ribbon worm (D:3)
  5 orcs
  2 ball pythons
  4 bats
  10 endoplasms
  A giant cockroach (D:1)
  7 goblins
  6 hobgoblins
  7 jackals
  3 quokkas
  5 frilled lizards
  6 kobolds
  6 rats
84 creatures vanquished.

Notes
Turn   | Place    | Note
-------+----------+-------------------------------------------
     0 | D:1      | MacCMillion the Merfolk Gladiator began the quest for the
                  | Orb.
     0 | D:1      | Reached XP level 1. HP: 16/16 MP: 1/1
   114 | D:1      | Found Guanusoe's Armour Shop.
   176 | D:1      | Reached skill level 4 in Long Blades
   176 | D:1      | Reached XP level 2. HP: 19/22 MP: 2/2
   314 | D:1      | Found Plog's Antique Weapon Shop.
   682 | D:1      | Found Mitag's Assorted Antiques.
   985 | D:1      | Reached XP level 3. HP: 18/27 MP: 3/3
  1227 | D:2      | Reached skill level 5 in Dodging
  1434 | D:2      | You fall into a shaft and drop 1 floor!
  1820 | D:2      | Reached XP level 4. HP: 33/33 MP: 4/4
  2157 | D:3      | Reached skill level 5 in Long Blades
  2318 | D:3      | Reached skill level 1 in Stealth
  2557 | D:3      | Found an iron altar of Okawaru.
  2724 | D:3      | Became a worshipper of Warmaster Okawaru
  2979 | D:4      | Reached XP level 5. HP: 38/38 MP: 5/5
  3035 | D:4      | Noticed an ogre
  3046 | D:4      | Killed an ogre
  3185 | D:4      | Reached XP level 6. HP: 42/44 MP: 6/6
  3362 | D:4      | Found a sacrificial altar of Ru.
  3362 | D:4      | Found a shadowy altar of Dithmenos.
  3404 | D:4      | Reached skill level 6 in Long Blades
  3935 | D:4      | Found an ornate altar of the Wu Jian Council.
  4182 | D:5      | Entered Level 5 of the Dungeon
  4460 | D:5      | Reached XP level 7. HP: 50/50 MP: 7/7
  4485 | D:5      | Reached * piety under Okawaru
  4894 | D:5      | Noticed a two-headed ogre
  4916 | D:5      | Killed a two-headed ogre
  4916 | D:5      | Reached ** piety under Okawaru
  4917 | D:5      | Reached skill level 9 in Long Blades
  4917 | D:5      | Reached XP level 8. HP: 32/56 MP: 8/8
  4953 | D:5      | Reached *** piety under Okawaru
  5138 | D:5      | Reached skill level 10 in Long Blades
  5211 | D:5      | Engulfed by a steam dragon's steam

Illustrated notes

Levels and vault maps discovered:
D:1:      dpeg_arrival_round_b, layout_basic, serial_shops,
          nicolae_shop_waterfront, shop, nicolae_shop_statue_plus,
          minmay_tromino_mix6
D:2:      layout_rooms
D:3:      layout_basic, okawaru_gym_becter
D:4:      layout_loops_ring, kennysheep_little_box,
          gammafunk_temple_overflow_elements
D:5:      layout_basic, minmay_circle_x

Skill      XL: |  1  2  3  4  5  6  7  8 |
---------------+-------------------------+-----
Long Blades    | 4 5 6 9 10 | 10.0
Dodging        | 5 6 7 8 |  8.0
Stealth        | 1 2 |  2.0
Fighting       | |  2.2
Throwing       | |  2.0

Action                     |  1- 3 |  4- 6 |  7- 9 || total
---------------------------+-------+-------+-------++-------
  Melee: Long sword        |   112 |   128 |    68 ||   308
         Punch             |       |     1 |     1 ||     2
  Throw: Boomerang         |       |    10 |     4 ||    14
         Throwing net      |       |     1 |     4 ||     5
    Use: Scroll            |       |     5 |       ||     5
   Stab: Sleeping          |       |     1 |       ||     1
         Held in net/web   |       |       |     3 ||     3
 Armour: Scale mail        |    62 |    17 |       ||    79
         Ring mail         |       |    27 |    27 ||    54
  Dodge: Dodged            |    61 |    73 |    93 ||   227
